 Dungeon Crawl Stone Soup version 0.29-a0-557-g43b9904bd1 (webtiles) character file.

Game seed: 18378860389041874380

393 testman the Chiller (level 7, -3/50 HPs)
             Began as a Meteoran Wanderer on June 8, 2022.
             Was an Initiate of Hepliaklqana.
             Killed from afar by a steam dragon (17 damage)
             ... with a ball of steam
             ... on level 6 of the Dungeon.
             The game lasted 00:21:29 (1559 turns).

testman the Chiller (Meteoran Wanderer)             Turns: 1559, Time: 00:21:31

Health: -3/50      AC:  4    Str: 16    XL:     7   Next: 30%
Magic:  5/12       EV: 13    Int: 20    God:    Hepliaklqana [......]
Gold:   228        SH:  0    Dex: 17    Spells: 5/12 levels left

rFire   . . .      SeeInvis .   p - +6 mace of the Sheltering Saviour {flame, rC+ Str+4}
rCold   + . .      Faith    .   (no shield)
rNeg    . . .      Spirit   .   d - +0 robe
rPois   .          Reflect  .   s - +1 hat
rElec   .          Harm     .   (no cloak)
rCorr   .          Rampage  .   b - +0 pair of gloves
Will    .....                   (no boots)
Stlth   +.........              (no amulet)
HPRegen 0.16/turn               o - +6 ring of intelligence
MPRegen 0.13/turn               (no ring)

@: very slightly contaminated, glowing
A: sense surroundings 1, otherworldly, glowing, explore regen
a: Renounce Religion


You were on level 6 of the Dungeon.
You worshipped Hepliaklqana.
Hepliaklqana was noncommittal.
You visited 1 branch of the dungeon, and saw 6 of its levels.
You also visited: Ossuary.

You collected 228 gold pieces.

Inventory:

Hand Weapons
 a - a +0 quarterstaff
 p - the +6 mace of the Sheltering Saviour (weapon) {flame, rC+ Str+4}
   (You found it on level 3 of the Dungeon)

   It burns those it strikes, dealing additional fire damage.
   Str:       It affects your strength (+4).
   rC:        It protects you from cold.
Missiles
 r - 5 javelins
 u - 4 poisoned darts
Armour
 b - a +0 pair of gloves (worn)
 d - a +0 robe (worn)
 s - a +1 hat (worn)
Jewellery
 j - an amulet of guardian spirit
 o - a +6 ring of intelligence (left hand)
Scrolls
 f - 2 scrolls of immolation
 g - 3 scrolls of teleportation
 k - 2 scrolls of poison
Potions
 c - a potion of attraction
 e - 3 potions of curing
 h - a potion of heal wounds
 i - a potion of mutation {unknown}
 l - 6 potions of degeneration {unknown}
 q - a potion of cancellation {unknown}
 t - 4 potions of brilliance
 z - a potion of lignification {unknown}
 A - 2 potions of haste


   Skills:
 - Level 2.4 Staves
 - Level 1.2 Armour
 - Level 2.4 Dodging
 - Level 3.0 Spellcasting
 + Level 5.5 Conjurations
 - Level 2.0 Hexes
 - Level 6.0 Ice Magic


You had 5 spell levels left.
You knew the following spells:

 Your Spells              Type           Power      Damage    Failure   Level
a - Freeze                Ice            100%       1d11      1%          1
b - Ensorcelled Hibernat  Hex/Ice        38%        N/A       4%          2
c - Hailstorm             Conj/Ice       26%        3d7       13%         4

Your spell library contained the following spells:

 Spells                   Type           Power      Damage    Failure   Level
 Magic Dart               Conj           100%       1d8       1%          1
 Mephitic Cloud           Conj/Pois/Air  10%        N/A       21%         3
 Call Imp                 Summ           3%         N/A       22%         2
 Gell's Gravitas          Tloc           3%         N/A       38%         3
 Lesser Beckoning         Tloc           3%         N/A       38%         3
 Teleport Other           Tloc           3%         N/A       38%         3
 Dispersal                Tloc           1%         N/A       100%        6


Dungeon Overview and Level Annotations

Branches:
Dungeon (6/15)            Ossuary (visited)
 Temple: D:4-7

Altars:
Ashenzari
Hepliaklqana
Kikubaaqudgha


Innate Abilities, Weirdness & Mutations

You passively map a small area around you.
You are easily found by Zot.
You glow in the dark.
You regain HP and MP as you explore.


Message History

Casting: Hailstorm (quite dangerous; 14% risk of failure)
Press: ? - help, Dir - look around, f - activate A cannonade of hail descends around you!
The hail pelts the orc wizard!
The orc wizard is almost dead.
The hail pelts something!
The hail pelts the steam dragon.
The steam dragon is lightly wounded.
The orc wizard casts a spell at you.
The puff of flame hits something!
Reactivating autopickup.
You feel a bit more experienced. The steam dragon breathes steam at you.
The ball of steam hits you!!
Ouch! That really hurt!
* * * LOW HITPOINT WARNING * * *
A magic dart appears from out of thin air!
Deactivating autopickup; reactivate with Ctrl-A.
The magic dart hits you.
* * * LOW HITPOINT WARNING * * *
You hear a shout! x3
Okay, then.
Okay, then.
Okay, then.
Casting: Hailstorm (quite dangerous; 13% risk of failure)
Confirm with . or Enter, or press ? or * to list all spells.
The spell is quite dangerous to miscast (13% risk of failure)!
Continue anyway?
Casting: Hailstorm (quite dangerous; 13% risk of failure)
Press: ? - help, Dir - look around, f - activate You miscast Hailstorm.
You are very lightly contaminated with residual magic.
Nothing appears to happen.
The orc wizard casts a spell at you.
You easily resist.
Okay, then.
Okay, then.
Okay, then.
Unknown command.
The steam dragon breathes steam at you. The ball of steam hits you!
You die...

#. ### ###.# * * #.*
### #.# ##..## #. #.#
#.####.### * ,
...#####.# #.....## *
........####...### , ,
..###...###....## ,, *
#<###.......#..# # ,
#.....###..###.## .# ,
#.....#
#......@#####..#.
#..##..#
#.....#.§D#......
..###..##....#####.§.#
, , .# #..##....#
#.###* , . ...#.....#
#o# . #.........#
#..o# *
####.####.......# * *
* , ## #.###..#* * **
, # * .... *


You could see a steam dragon (catching breath).

Vanquished Creatures
  A black bear (D:3)
  A centaur zombie (Ossuary)
  An iguana (D:5)
  An orc wizard (D:5)
  2 mummies (Ossuary)
  2 gnolls (D:5)
  6 adders
  An ufetubus (D:4)
  3 adder zombies (Ossuary)
  6 orcs
  3 endoplasms
  A giant cockroach (D:1)
  3 goblins
  4 hobgoblins
  A quokka (D:2)
  9 ball pythons
  6 bats
  3 frilled lizards
  5 goblin zombies (Ossuary)
  5 hobgoblin zombies (Ossuary)
  3 jackal zombies (Ossuary)
  2 kobolds (D:2)
  6 kobold zombies (Ossuary)
  13 orc zombies (Ossuary)
  9 rats
97 creatures vanquished.

Vanquished Creatures (collateral kills)
  A gnoll (D:5)
  An orc (D:5)
2 creatures vanquished.

Vanquished Creatures (others)
  An orc wizard (D:6)
1 creature vanquished.

Grand Total: 100 creatures vanquished

Notes
Turn   | Place    | Note
-------+----------+-------------------------------------------
     0 | D:1      | testman the Meteoran Wanderer began the quest for the Orb.
     0 | D:1      | testman set off with the following items: a +0
                  | quarterstaff, a +0 pair of gloves, a potion of attraction,
                  | a +0 robe; and the following spell memorised: Freeze; and
                  | the following spells available to memorise: Ensorcelled
                  | Hibernation, Hailstorm
     0 | D:1      | Reached XP level 1. HP: 14/14 MP: 3/3
   103 | D:1      | Reached XP level 2. HP: 17/20 MP: 5/5
   132 | D:1      | Learned a level 2 spell: Ensorcelled Hibernation
   173 | D:2      | Reached XP level 3. HP: 24/26 MP: 4/7
   201 | D:2      | Reached skill level 1 in Hexes
   323 | D:2      | Reached skill level 5 in Ice Magic
   323 | D:2      | Reached XP level 4. HP: 33/33 MP: 6/9
   401 | D:3      | Noticed a black bear
   508 | D:3      | Learned a level 4 spell: Hailstorm
   547 | D:3      | Identified the +6 mace of the Sheltering Saviour {flame,
                  | rC+ Str+4}
   598 | D:3      | Found an ancient bone altar of Kikubaaqudgha.
   607 | D:3      | Found a hazy altar of Hepliaklqana.
   612 | D:3      | Became a worshipper of Hepliaklqana the Forgotten
   754 | D:3      | Killed a black bear
   755 | D:3      | Reached XP level 5. HP: 17/38 MP: 2/10
   808 | D:4      | Reached XP level 6. HP: 32/45 MP: 8/11
  1042 | D:5      | Entered Level 5 of the Dungeon
  1179 | D:5      | Found a broken altar of Ashenzari.
  1206 | D:5      | Found a sand-covered staircase.
  1211 | Ossuary  | Entered an ossuary
  1283 | Ossuary  | Reached skill level 5 in Conjurations
  1312 | Ossuary  | Reached XP level 7. HP: 50/50 MP: 12/12
  1331 | Ossuary  | Reached skill level 6 in Ice Magic
  1553 | D:6      | Noticed a steam dragon
  1559 | D:6      | Killed from afar by a steam dragon

Illustrated notes

Levels and vault maps discovered:
D:1:      ebering_trefoil_3fold, layout_basic
D:2:      layout_rooms, serial_glass, glass_columns_a, glass_columns_a,
          glass_columns_b, glass_columns_c, glass_columns_a, glass_columns_a
D:3:      layout_basic, mainiacjoe_overflow_swirl
D:4:      layout_gridville, serial_shops, nicolae_shop_window_shopping,
          uniq_menkaure
D:5:      layout_loops_corners, nicolae_ashenzari_panopticon,
          minmay_temple_entry_sparse_star, nicolae_ossuary_entry_monument,
          serial_shops, nicolae_shop_waterfront
D:6:      layout_layer_cave, gammafunk_temple_overflow_pools

Skill      XL: |  1  2  3  4  5  6  7 |
---------------+----------------------+-----
Spellcasting   | 2 3 |  3.0
Hexes          | 1 2 |  2.0
Ice Magic      | 5 6 |  6.0
Conjurations   | 3 4 5 |  5.5
Staves         | |  2.4
Armour         | |  1.2
Dodging        | |  2.4

Action                   |  1- 3 |  4- 6 |  7- 9 || total
-------------------------+-------+-------+-------++-------
Melee: Quarterstaff      |    24 |    14 |       ||    38
       Mace              |       |    66 |    26 ||    92
 Cast: Freeze            |    22 |    26 |       ||    48
       Ensorcelled Hiber |       |     2 |       ||     2
       Hailstorm         |       |     1 |     4 ||     5
  Use: Scroll            |       |     9 |     3 ||    12
Armor: Robe              |    13 |    41 |    35 ||    89
Dodge: Dodged            |    22 |    55 |    30 ||   107

Table legend: (Time is in decaauts)
 A = Elapsed time spent in this place.
 B = Non-inter-level travel time spent in this place.
 C = Inter-level travel time spent in this place.
 D = Time resting spent in this place.
 E = Time spent auto-exploring this place.
 F = Levels seen in this place.
 G = Mean time per level.
                   A        B        C        D        E       F      G
               +--------+--------+--------+--------+--------+-----+--------+
         Total |   1594 |   1510 |     84 |     43 |    454 |   7 |  227.7 |
       Dungeon |   1326 |   1242 |     84 |      0 |    401 |   6 |  221.0 |
       Ossuary |    267 |    267 |      0 |     43 |     53 |   1 |  267.0 |
               +--------+--------+--------+--------+--------+-----+--------+

Top non-repeatable levels by time:
     D:3: 437 daAuts
     D:4: 285 daAuts
 Ossuary: 267 daAuts
     D:1: 188 daAuts
     D:2: 182 daAuts
     D:5: 177 daAuts
     D:6: 55 daAuts
